Map: [ESL] Data-C

Players

Elazer - Winner!

  • Race: Zerg Zerg
  • Spawn Location: 3:00

Spirit

  • Race: Terran Terran
  • Spawn Location: 9:00

Event: DreamHack SC2 Masters 2022 Atlanta (Online)

VOD

Have the link to the VOD?

Description

Time

  • Played on: Oct. 8, 2022, 12:42 p.m.
  • Length: 25:15

All games in this series

Show
View Real Time Build Order
Export as new Build Order

Elazer Zerg - Winner!

Build Orders: Hatch First 

Get SALT Encoding   

  12  0:00  Drone  
  13  0:12  Overlord  
  13  0:16  Drone  
  14  0:30  Drone x2  
  16  0:48  Hatchery  
  15  0:50  Drone  
  15  0:54  Drone  
  17  0:57  Drone  
  18  1:08  Extractor  
  17  1:13  Spawning Pool  
  17  1:16  Drone  
  17  1:19  Drone  
  18  1:28  Drone  
  19  1:38  Drone  
  20  1:48  Drone  
  21  1:59  Queen x2  
  21  2:00  Zergling x4  
  27  2:10  Drone  
  27  2:12  Metabolic Boost  
  27  2:13  Overlord  
  28  2:32  Hatchery  
  28  2:34  Drone x2  
  28  2:35  Drone  
  30  2:38  Drone  
  31  2:44  Queen  
  32  2:52  Drone x2  
  32  2:56  Drone x2  
  36  3:06  Overlord  
  36  3:10  Drone x2, Extractor x2  
  36  3:12  Overlord  
  38  3:24  Queen x2  
  38  3:26  Drone x2  
  44  3:31  Drone  
  44  3:32  Drone x2  
  47  3:38  Drone  
  47  3:39  Drone x3  
  51  3:43  Queen  
  51  3:45  Drone x2  
  51  3:46  Drone  
  56  3:52  Overlord  
  56  3:58  Drone x2  
  56  3:59  Overlord x2  
  58  4:10  Queen  
  58  4:11  Queen  
  58  4:14  Drone x4, Overlord  
  66  4:18  Baneling Nest  
  66  4:23  Zergling x10  
  70  4:28  Queen  
  72  4:32  Spore Crawler x2  
  72  4:33  Overlord  
  72  4:38  Drone x3  
  73  4:39  Drone  
  73  4:41  Drone  
  73  4:43  Overlord  
  75  4:47  Zergling x8  
  75  4:50  Queen  
  81  4:54  Overlord  
  81  4:59  Overlord  
  81  5:04  Zergling x12  
  86  5:07  Queen  
  86  5:12  Lair  
  88  5:14  Drone x5  
  88  5:15  Drone  
  88  5:17  Drone  
  88  5:19  Drone x2  
  88  5:20  Drone  
  98  5:29  Hatchery  
  97  5:36  Zergling x14  
  97  5:39  Hatchery  
  100  5:43  Zergling x8  
  100  5:47  Zergling x6  
  105  5:53  Zergling x2  
  105  5:55  Overlord  
  103  6:00  Extractor  
  103  6:01  Queen x2, Extractor x2  
  104  6:05  Evolution Chamber x2  
  104  6:06  Drone x3  
  104  6:11  Drone x3  
  108  6:12  Drone x2  
  108  6:13  Drone  
  108  6:14  Hatchery  
  108  6:16  Zergling x2  
  108  6:17  Zergling x6  
  112  6:20  Zergling x2  
  112  6:21  Zergling x2  
  114  6:27  Zergling x2  
  114  6:30  Zergling x8  
  115  6:43  Zerg Ground Armor Level 1, Zerg Melee Weapons Level 1  
  115  6:47  Zergling x16  
  115  6:52  Baneling x5  
  123  6:58  Zergling x14  
  130  7:04  Pneumatized Carapace, Overlord  
  130  7:05  Drone  
  131  7:10  Drone  
  131  7:14  Zergling x12  
  127  7:18  Zergling x6  
  127  7:21  Zergling x2  
  121  7:28  Drone x6  
  124  7:32  Drone x4  
  124  7:35  Drone  
  129  7:37  Baneling x4  
  129  7:38  Centrifugal Hooks  
  129  7:44  Drone x5  
  129  7:46  Drone x2  
  129  7:50  Drone x4  
  134  7:56  Overlord  
  134  7:57  Spore Crawler  
  133  7:59  Zergling x14  
  140  8:06  Zergling x12  
  140  8:07  Hatchery  
  145  8:15  Baneling x9  
  145  8:18  Zergling x2  
  145  8:19  Zergling x14  
  153  8:20  Spore Crawler  
  153  8:23  Zergling x2  
  153  8:28  Zergling x2  
  153  8:29  Zergling x8  
  153  8:30  Overlord x5  
  158  8:45  Zergling x2  
  157  8:50  Zergling x8  
  157  8:51  Zergling x14  
  168  8:56  Baneling x5  
  168  8:57  Zergling x22  
  179  9:04  Baneling x26  
  179  9:08  Zergling x16  
  179  9:09  Zergling x2  
  187  9:16  Zergling x4  
  189  9:18  Overlord  
  189  9:21  Baneling x8  
  189  9:23  Overlord x2  
  174  9:39  Zergling x44  
  174  9:44  Zergling x2  
  174  9:45  Zergling x2  
  163  9:48  Zergling x2  
  147  9:53  Zergling x8  
  147  9:57  Zergling x2  
  147  9:58  Zerg Melee Weapons Level 2, Zerg Ground Armor Level 2  
  141  10:02  Zergling x10  
  145  10:09  Burrow  
  145  10:12  Hatchery  
  141  10:16  Drone x5  
  146  10:24  Overlord  
  146  10:27  Drone x3, Extractor  
  148  10:32  Zergling x36  
  148  10:33  Baneling x12  
  166  10:50  Drone  
  166  10:51  Drone x2, Unknown  
  166  10:53  Drone x4  
  172  10:59  Zergling x26  
  172  11:03  Hatchery  
  184  11:09  Baneling x4  
  184  11:10  Baneling x10  
  179  11:26  Zergling x42, Hatchery  
  179  11:30  Lair  
  195  11:37  Spawning Pool  
  188  11:49  Hatchery  
  188  11:53  Drone x5  
  193  11:54  Drone  
  193  11:58  Hatchery  
  156  12:26  Zergling x46  
  176  12:36  Zergling x2  
  172  12:45  Zergling x14  
  177  12:53  Zergling x14  
  184  12:59  Baneling x20  
  184  13:00  Zergling x14  
  184  13:03  Infestation Pit  
  184  13:05  Zergling x8  
  188  13:14  Zergling x22  
  176  13:22  Zergling x10  
  177  13:33  Drone x2  
  178  13:38  Zergling x14, Baneling x4  
  178  13:39  Zergling x18  
  178  13:40  Baneling x9  
  189  13:42  Hive  
  189  13:47  Drone x7  
  189  13:52  Baneling x7  
  163  14:05  Zergling x14  
  163  14:06  Zergling x22  
  163  14:09  Zergling x2  
  158  14:17  Zergling x14  
  161  14:19  Baneling x12  
  161  14:23  Zergling x4  
  164  14:27  Drone  
  164  14:28  Drone  
  164  14:29  Drone x4  
  167  14:33  Zergling x2  
  161  14:40  Zergling x16  
  161  14:42  Hatchery  
  168  14:50  Zergling x22  
  157  14:56  Zergling x12  
  154  15:00  Zerg Ground Armor Level 3, Zerg Melee Weapons Level 3  
  154  15:01  Viper, Adrenal Glands  
  154  15:02  Viper  
  154  15:04  Zergling x20  
  170  15:15  Baneling x17  
  170  15:17  Zergling x2  
  170  15:18  Zergling x26  
  184  15:23  Baneling x4  
  184  15:24  Zergling x20, Baneling x6  
  194  15:32  Zergling x2  
  194  15:33  Zergling x18  
  194  15:34  Zergling x4  
  190  15:42  Zergling x16  
  198  15:48  Overseer x6  
  198  15:50  Zergling x2  
  199  16:01  Baneling  
  199  16:02  Baneling x31  
  199  16:05  Spore Crawler  
  196  16:24  Zergling x30  
  194  16:30  Zergling x2  
  194  16:31  Zergling x44  
  172  17:05  Zergling x74  
  163  17:15  Zergling x8  
  163  17:16  Zergling x6  
  163  17:20  Zergling x26, Baneling x9  
  180  17:27  Zergling x16  
  180  17:29  Baneling x28  
  187  17:36  Zergling x14  
  194  17:42  Baneling x6  
  195  17:44  Zergling x10  
  199  17:51  Baneling x5  
  199  17:52  Baneling x15  
  176  18:16  Zergling x2  
  176  18:17  Zergling x62  
  182  18:21  Spore Crawler  
  182  18:23  Zergling x10  
  175  18:30  Zergling x14  
  173  18:48  Baneling x8  
  173  18:53  Drone  
  173  18:54  Baneling x4  
  174  18:56  Zergling x2  
  174  18:57  Zergling x28  
  188  19:12  Hatchery  
  188  19:14  Baneling x8  
  187  19:18  Zergling x6  
  187  19:19  Zergling x16  
  198  19:24  Baneling x3  
  198  19:25  Baneling x10  
  198  19:45  Zergling x36  
  158  19:54  Zergling x28  
  152  20:00  Zergling x14  
  150  20:07  Baneling x6  
  150  20:08  Baneling x2  
  150  20:13  Zergling x20  
  150  20:33  Zergling x22  
  148  20:48  Baneling x8  
  146  20:50  Zergling x26  
  159  21:01  Zergling x14  
  166  21:14  Infestor x6  
  178  21:21  Extractor x2  
  178  21:25  Zergling x10  
  173  21:33  Hatchery  
  173  21:38  Zergling x2  
  173  21:39  Zergling x32  
  181  21:46  Spore Crawler, Baneling x9  
  180  21:47  Baneling x2  
  180  21:49  Zergling x10  
  180  21:56  Zergling x14  
  186  22:10  Zergling x18  
  186  22:14  Baneling x15  
  190  22:19  Zergling x14  
  196  22:35  Zergling x10  
  196  22:36  Zergling x8  
  198  22:44  Zergling x28  
  185  22:47  Neural Parasite  
  193  22:56  Zergling x14  
  193  22:58  Baneling x13  
  191  23:32  Zergling x2  
  191  23:33  Zergling x20  
  199  23:34  Baneling x4  
  199  23:38  Hatchery  
  198  23:43  Zergling x2  
  196  23:56  Zergling x6  
  196  23:57  Baneling  
  196  23:58  Baneling x14  
  199  24:03  Extractor  
  199  24:04  Extractor  
  192  24:19  Spore Crawler  
  192  24:21  Zergling x38  
  172  24:26  Zergling x16  
  153  24:33  Zergling x18  
  158  24:48  Zergling x18  
  158  24:50  Baneling x12  
Show
View Real Time Build Order
Export as new Build Order

Spirit Terran 

Build Orders: Command Center First (CC) 

Get SALT Encoding   

  12  0:00  SCV  
  13  0:12  SCV  
  14  0:17  Supply Depot  
  14  0:24  SCV  
  15  0:39  SCV  
  16  0:51  SCV  
  17  1:02  Command Center  
  17  1:04  SCV  
  18  1:14  Barracks  
  18  1:18  SCV  
  18  1:24  Refinery  
  19  1:30  SCV  
  20  1:37  Barracks  
  20  1:42  SCV  
  20  1:46  Refinery  
  21  1:55  SCV  
  22  2:02  Marine  
  22  2:08  Orbital Command  
  23  2:15  Orbital Command  
  23  2:19  Marine  
  24  2:23  Marine  
  24  2:28  Supply Depot  
  25  2:34  SCV  
  26  2:38  Barracks Reactor  
  26  2:41  Barracks Tech Lab  
  26  2:42  SCV  
  27  2:47  SCV  
  28  2:54  SCV  
  29  2:59  SCV, Stimpack  
  29  3:00  Marine  
  31  3:06  SCV, Factory  
  31  3:11  SCV  
  33  3:14  Marine x2  
  33  3:18  SCV, Marine  
  37  3:23  SCV  
  38  3:27  Command Center  
  38  3:30  SCV  
  38  3:32  Marine  
  40  3:35  SCV, Marine  
  40  3:40  Supply Depot  
  40  3:41  Marine  
  42  3:42  SCV  
  42  3:47  SCV  
  45  3:50  Factory Reactor, Starport  
  45  3:53  Refinery  
  45  3:54  SCV  
  46  4:01  SCV, Marine x3  
  50  4:07  Supply Depot, SCV  
  51  4:13  Supply Depot, SCV  
  52  4:19  SCV, Marine  
  54  4:28  SCV, Marine x2  
  54  4:31  Supply Depot, SCV  
  58  4:32  Factory Tech Lab, Medivac  
  58  4:33  Medivac  
  58  4:37  Marine  
  63  4:39  Orbital Command  
  63  4:40  SCV  
  63  4:41  Refinery  
  64  4:45  Combat Shield  
  64  4:46  Marine x2  
  64  4:49  SCV  
  67  4:54  Supply Depot, Marine  
  67  4:59  Engineering Bay  
  68  5:00  Engineering Bay  
  68  5:02  SCV  
  68  5:04  Marine x2  
  68  5:06  Medivac  
  73  5:07  Orbital Command  
  73  5:11  SCV  
  73  5:12  Marine  
  75  5:15  SCV  
  75  5:19  Siege Tank  
  79  5:21  Marine x2  
  79  5:22  Supply Depot  
  79  5:23  SCV  
  79  5:27  Terran Infantry Weapons Level 1  
  79  5:28  SCV  
  83  5:32  SCV  
  83  5:33  Marine  
  85  5:39  Marine x2  
  84  5:44  SCV x2  
  86  5:51  SCV, Marine  
  88  5:58  SCV  
  88  6:00  SCV  
  88  6:03  SCV  
  88  6:04  Terran Infantry Armor Level 1, Starport Reactor  
  90  6:05  Command Center  
  90  6:10  Supply Depot  
  90  6:11  Supply Depot, SCV  
  91  6:12  SCV  
  91  6:13  Siege Tank  
  91  6:15  SCV, Marine  
  96  6:20  Marine x2  
  96  6:23  SCV  
  96  6:24  SCV  
  100  6:27  SCV  
  101  6:33  Marine  
  101  6:35  SCV, Barracks  
  101  6:36  Barracks  
  101  6:37  Barracks  
  101  6:38  Marine x2  
  101  6:44  Supply Depot  
  101  6:45  SCV, Siege Tank  
  101  6:46  Bunker  
  105  6:48  SCV x2  
  105  6:51  Marine  
  108  6:56  Medivac, Factory, Marine x2  
  108  6:57  SCV  
  113  7:02  Supply Depot x2, SCV  
  113  7:04  Refinery  
  113  7:08  Armory  
  114  7:09  SCV x2, Marine  
  114  7:14  SCV  
  116  7:17  Siege Tank  
  116  7:18  Marine  
  116  7:21  SCV  
  116  7:22  Marine  
  115  7:23  Barracks Reactor  
  115  7:25  Barracks Reactor  
  113  7:30  Command Center  
  113  7:31  SCV  
  113  7:33  SCV  
  113  7:35  Supply Depot  
  110  7:45  Supply Depot, Marine x4  
  110  7:48  Barracks Tech Lab  
  110  7:49  Factory Tech Lab, Siege Tank  
  101  7:52  SCV, Planetary Fortress  
  101  7:54  Missile Turret  
  102  7:59  Terran Infantry Weapons Level 2  
  102  8:02  SCV  
  102  8:03  SCV  
  102  8:04  Refinery, Terran Infantry Armor Level 2, SCV  
  102  8:05  Marine x2  
  106  8:07  Marine x3  
  106  8:12  Marine x3  
  110  8:14  SCV, Concussive Shells  
  110  8:15  SCV  
  110  8:18  Medivac  
  117  8:20  SCV  
  117  8:23  Marine  
  117  8:24  Medivac  
  122  8:27  SCV x2  
  122  8:32  SCV  
  122  8:33  SCV  
  125  8:36  Marauder  
  125  8:39  SCV, Barracks x2  
  125  8:40  Barracks  
  127  8:45  Marauder, Marine  
  123  8:48  Command Center, Siege Tank  
  123  8:49  Refinery x2  
  123  8:51  SCV x3  
  123  8:52  SCV  
  123  8:55  Siege Tank  
  133  8:58  Marauder  
  133  8:59  Marine  
  135  9:06  SCV, Marauder  
  138  9:11  SCV  
  138  9:14  Marine  
  138  9:15  Missile Turret  
  140  9:19  Marauder  
  140  9:20  Siege Tank  
  140  9:21  Sensor Tower, Marine x2  
  140  9:22  Supply Depot  
  147  9:27  Siege Tank  
  147  9:28  Marauder  
  147  9:29  Barracks Tech Lab x3  
  152  9:34  Marine  
  152  9:38  Orbital Command  
  149  9:40  Marauder  
  149  9:45  Marine x5  
  128  9:46  Marine  
  128  9:49  Marauder  
  128  9:51  Marine  
  128  9:52  Siege Tank, Marine  
  120  9:53  Marine  
  120  9:59  Siege Tank  
  128  10:17  Planetary Fortress, Marine x10  
  128  10:18  Marine  
  128  10:20  SCV x2  
  128  10:21  SCV  
  127  10:32  SCV  
  127  10:33  SCV x2  
  127  10:35  Siege Tank, Marine x10  
  143  10:36  Siege Tank, Marine  
  143  10:41  Bunker  
  147  10:45  SCV x2  
  149  10:52  Command Center, Marine  
  149  10:53  SCV, Sensor Tower, Marine x2  
  154  10:57  SCV x2  
  154  11:02  Refinery  
  154  11:03  Marine x6  
  161  11:05  SCV  
  161  11:07  Siege Tank  
  161  11:08  Siege Tank  
  161  11:09  SCV x2  
  170  11:17  Ghost Academy  
  170  11:18  SCV  
  171  11:21  SCV  
  171  11:22  SCV  
  171  11:24  Terran Infantry Weapons Level 3  
  172  11:41  Supply Depot  
  172  11:42  Supply Depot  
  172  11:43  Supply Depot  
  172  11:44  SCV  
  172  11:45  Supply Depot  
  172  11:47  Marauder  
  172  11:48  Marine  
  172  11:56  Terran Infantry Armor Level 3  
  171  12:01  SCV  
  171  12:02  Siege Tank x2  
  171  12:07  Command Center  
  160  12:17  Ghost x2  
  160  12:18  Marauder, Ghost  
  160  12:20  Liberator  
  171  12:24  Liberator  
  171  12:27  Ghost  
  176  12:34  Siege Tank x2  
  179  12:56  SCV  
  180  13:01  Orbital Command  
  180  13:02  Command Center  
  180  13:03  Medivac  
  182  13:06  Liberator, Siege Tank  
  186  13:15  Siege Tank, Marine  
  186  13:16  Marine  
  186  13:18  Marine x5  
  177  13:33  Planetary Fortress  
  177  13:35  Marine x5  
  177  13:36  Sensor Tower  
  182  13:42  Medivac  
  182  13:44  SCV x3  
  187  13:49  Medivac  
  187  13:53  Siege Tank  
  188  13:56  SCV x3  
  179  14:08  SCV  
  179  14:09  Command Center  
  151  14:10  Siege Tank  
  151  14:12  Medivac  
  151  14:16  Orbital Command  
  145  14:18  SCV x2  
  145  14:19  Medivac  
  149  14:25  Siege Tank  
  149  14:31  Refinery  
  152  14:34  Orbital Command  
  152  14:35  Marauder  
  152  14:36  Marauder x4  
  152  14:38  Marine  
  160  14:42  Medivac, Siege Tank  
  165  14:49  Liberator  
  162  14:57  Marauder, Siege Tank  
  164  15:05  Sensor Tower  
  164  15:08  Marine x8  
  164  15:10  Bunker  
  164  15:11  Bunker  
  164  15:12  Liberator  
  175  15:14  Siege Tank  
  175  15:16  SCV  
  175  15:19  Refinery  
  179  15:23  Orbital Command  
  179  15:28  Marine x3  
  179  15:29  Siege Tank  
  179  15:33  Marine  
  179  15:34  Marine x7  
  182  15:37  Liberator  
  185  15:46  Siege Tank, Marine x3  
  191  15:50  Command Center  
  191  15:51  Marine x8  
  199  16:04  Marine  
  199  16:10  Orbital Command  
  200  16:11  Supply Depot  
  200  16:12  Supply Depot  
  200  16:14  Terran Vehicle Weapons Level 1  
  200  16:15  Personal Cloaking  
  200  16:21  Command Center  
  200  16:23  Command Center  
  191  16:43  Siege Tank  
  191  16:44  Ghost x2  
  191  16:46  Ghost  
  200  16:55  Sensor Tower  
  200  17:00  Siege Tank  
  171  17:09  Marine x6  
  171  17:10  Marine x2  
  171  17:12  Marine  
  171  17:13  Orbital Command, Marine  
  171  17:14  Marine  
  171  17:15  Siege Tank  
  163  17:19  Medivac  
  163  17:20  Medivac  
  167  17:27  Marine x7, Ghost  
  176  17:30  Marine x2  
  176  17:31  Planetary Fortress  
  176  17:32  Siege Tank, Marine  
  176  17:35  Orbital Command x2  
  182  17:40  Nuke  
  182  17:42  SCV  
  182  17:43  SCV  
  182  17:44  SCV x3, Missile Turret, Sensor Tower  
  187  17:45  Marine  
  187  17:47  Siege Tank  
  191  17:54  SCV  
  191  17:56  SCV  
  193  18:00  Marine  
  193  18:01  Marauder x2  
  198  18:09  Marine  
  198  18:10  Siege Tank  
  198  18:11  Marine  
  191  18:15  Marine  
  191  18:19  Siege Tank  
  156  18:22  Marauder, Marine  
  156  18:23  Marine x3  
  156  18:25  Marine x3  
  156  18:26  Marine  
  141  18:28  Orbital Command  
  141  18:29  Marine  
  141  18:33  Marine  
  144  18:40  Marine x2  
  144  18:41  Marine x2  
  147  18:42  Siege Tank  
  147  18:43  Marine x4  
  147  18:44  Marine  
  149  18:51  Siege Tank  
  149  18:54  Marine  
  153  18:59  SCV x5, Marauder  
  157  19:10  Planetary Fortress  
  157  19:14  Siege Tank, Ghost x2  
  164  19:19  Marine  
  164  19:21  Sensor Tower  
  164  19:23  Siege Tank  
  168  19:26  Ghost  
  170  19:43  Orbital Command  
  158  19:51  Siege Tank, Ghost x2  
  158  19:52  Marine, Ghost x2  
  131  19:53  Marine x3  
  131  19:54  Ghost  
  122  20:05  Marine  
  116  20:15  Marine  
  116  20:21  Marauder x3  
  122  20:25  Orbital Command, Marine  
  122  20:28  Marine  
  123  20:29  Orbital Command  
  123  20:35  Marine x2  
  123  20:49  Siege Tank  
  123  20:56  Marine  
  122  21:02  Siege Tank  
  123  21:05  Ghost  
  123  21:09  Orbital Command  
  122  21:12  Ghost  
  122  21:16  Marine  
  122  21:17  Marauder, Orbital Command  
  127  21:19  Marine  
  127  21:23  Marauder  
  127  21:25  Marine  
  129  21:27  Marine x2  
  129  21:28  Marine  
  129  21:31  Orbital Command  
  129  21:32  Marine  
  129  21:38  Ghost  
  131  21:43  Siege Tank  
  134  21:50  Marauder, Marine x2  
  134  21:51  Marauder  
  140  21:56  Missile Turret  
  140  21:58  Orbital Command  
  140  22:00  Refinery x2  
  140  22:10  Marine  
  140  22:11  Marauder x2, Marine  
  146  22:25  Siege Tank  
  146  22:26  Marine x2  
  146  22:27  Marauder  
  153  22:30  Marine  
  153  22:34  Marine  
  154  22:43  Marauder, Marine  
  154  22:44  Marauder  
  153  22:52  Marauder x3, Marine  
  153  22:56  Marine  
  153  22:57  Marine  
  162  23:03  Medivac  
  162  23:05  Marauder  
  166  23:06  Marauder  
  166  23:07  Marine  
  166  23:08  Orbital Command  
  164  23:13  Marine  
  164  23:14  Marauder  
  164  23:16  Marine  
  164  23:17  Marauder  
  165  23:24  Siege Tank  
  168  23:29  Marauder  
  168  23:31  Marauder  
  170  23:43  Marine x2  
  170  23:46  Marauder  
  165  23:49  SCV x5  
  170  24:07  Sensor Tower  
  170  24:08  Supply Depot x2  
  169  24:13  Supply Depot  
  169  24:14  Orbital Command  
  168  24:23  Siege Tank, Marine  
  132  24:26  Marine  
  132  24:28  Marine  
  98  24:36  Marine  
  87  24:46  Marine  
Tags
 
Add a new tag
Caveats
  • Supply blocks, unpowered buildings, or Contaminate may cause inaccurate times.
  • Supply counts are checked every 10 seconds.